 Dungeon Crawl Stone Soup version 0.28.0 (webtiles) character file.

Game seed: 9846120308358931396

79 hikkokomori the Stinger (level 4, 0/25 (30) HPs)
             Began as a Formicid Venom Mage on Feb 10, 2022.
             Was a Plaything of Xom.
             Slain by an ufetubus (4 damage)
             ... on level 4 of the Dungeon.
             The game lasted 00:06:00 (1815 turns).

hikkokomori the Stinger (Formicid Venom Mage)       Turns: 1815, Time: 00:06:00

HP:   0/25 (30)     AC:  3    Str: 14    XL:     4   Next: 64%
MP:   9/9           EV: 11    Int: 15    God:    Xom [..*...]
Gold: 22            SH:  3    Dex: 11    Spells: 9/10 levels left

rFire   . . .      SeeInvis +   f - +2 dagger (venom)
rCold   . . .      Faith    .   i - +0 buckler
rNeg    . . .      Spirit   .   a - +0 robe
rPois   .          Reflect  .   (helmet unavailable)
rElec   .          Harm     .   (no cloak)
rCorr   .          Rampage  .   e - +0 pair of gloves
Will    .....                   (no boots)
Stlth   ++........              (no amulet)
HPRegen 0.08/turn               (no ring)
MPRegen 0.11/turn               (no ring)

@: heavily drained, invisible
A: permanent stasis, dig shafts and tunnels, antennae 3, four strong arms
a: Dig, Shaft Self, Renounce Religion


You were on level 4 of the Dungeon.
You worshipped Xom.
You were a toy of Xom.
You visited 1 branch of the dungeon, and saw 4 of its levels.

You collected 76 gold pieces.
You spent 54 gold pieces at shops.

Inventory:

Hand Weapons
 b - a +0 hand axe
 f - a +2 dagger of venom (weapon)
Armour
 a - a +0 robe (worn)
 e - a +0 pair of gloves (worn)
 i - a +0 buckler (worn)
Potions
 h - a potion of brilliance {unknown}
 j - a potion of heal wounds {unknown}


   Skills:
 - Level 1.7 Dodging
 - Level 2.4 Stealth
 + Level 0.6 Shields
 + Level 3.5 Spellcasting
 - Level 1.1 Transmutations
 + Level 5.4 Poison Magic


You had 9 spell levels left.
You knew the following spells:

 Your Spells              Type           Power      Damage    Failure   Level
a - Sting                 Tmut/Pois      48%        1d5       6%          1

Your spell library contained the following spells:

 Spells                   Type           Power      Damage    Failure   Level
 Poisonous Vapours        Pois/Air       20%        N/A       12%         2
 Olgreb's Toxic Radiance  Pois           19%        N/A       26%         4
 Mephitic Cloud           Conj/Pois/Air  8%         N/A       34%         3
 Dazzling Flash           Conj/Hex       4%         N/A       58%         3
 Agony                    Necr           2%         N/A       100%        5
 Silence                  Hex/Air        1%         N/A       100%        5


Dungeon Overview and Level Annotations

Branches:
Dungeon (4/15)
 Temple: D:4-7

Altars:
Xom

Shops:
D:3 [


Innate Abilities, Weirdness & Mutations

You cannot be hasted, slowed, berserked, paralysed or teleported.
You can dig through walls and to a lower floor.
You have a pair of large antennae on your head. (SInv)
Your four strong arms can wield two-handed weapons with a shield.


Message History

The ball python bites you but does no damage.
The ball python completely misses you.
Casting: Sting (safe; 6% risk of failure)
Confirm with . or Enter, or press ? or * to list all spells.
Aiming: Sting (safe; 6% risk of failure)
Press: ? - help, Shift-Dir - straight line, f - adder
Aim: an adder (53% to hit)
The sting hits the ball python.
The ball python looks even sicker.
You kill the ball python!
The adder barely misses you.
You hit the adder.
The adder is poisoned.
The adder is moderately wounded.
The adder closely misses you.
You hit the adder.
The adder is severely wounded.
You block the adder's attack.
You barely miss the adder.
The adder is severely wounded.
The adder closely misses you. x2
You barely miss the adder.
The adder is severely wounded.
You kill the adder!
You barely miss the giant cockroach. The giant cockroach closely misses you.
The giant cockroach bites you but does no damage.
The orc shouts!
You hit the giant cockroach.
You kill the giant cockroach!
You hear the slow rusting of a very distant drain.
You barely miss the ufetubus. The ufetubus closely misses you.
The ufetubus hits you. The ufetubus closely misses you. x2
It was a potion of invisibility.
You fade into invisibility!
The ufetubus hits you.
* * * LOW HITPOINT WARNING * * *
The ufetubus barely misses you. The ufetubus hits you.
* * * LOW HITPOINT WARNING * * *
The ufetubus misses you.
You miss the ufetubus. You block the ufetubus's attack. The ufetubus hits you.
You die...
Xom chuckles heartily!

.....##.##......####
........#.......#
........#.......#
.............>..#
.....B..#########
.[......# ........#
.?......###
......os5@#
........###
........# .......S#
......... .........
......... ........#+


You could see a scorpion, an orc and an ufetubus.

Vanquished Creatures
  3 adders
  A worm (D:3)
  2 dart slugs (D:1)
  2 orcs
  A ball python (D:4)
  4 endoplasms
  3 giant cockroaches
  3 goblins
  5 hobgoblins
  5 kobolds
  A quokka (D:3)
  7 bats
  2 rats
39 creatures vanquished.

Notes
Turn   | Place    | Note
-------+----------+-------------------------------------------
     0 | D:1      | hikkokomori the Formicid Venom Mage began the quest for the
                  | Orb.
     0 | D:1      | Reached XP level 1. HP: 13/13 MP: 3/3
   275 | D:1      | Reached XP level 2. HP: 17/19 MP: 1/5
   598 | D:1      | Found a faded altar of an unknown god.
   693 | D:1      | Reached XP level 3. HP: 23/24 MP: 7/7
   799 | D:1      | Prayed at the altar of an unknown god.
   799 | D:1      | Became a worshipper of Xom of Chaos
   860 | D:2      | Reached skill level 5 in Poison Magic
   860 | D:2      | You fall into a shaft and drop 1 floor!
  1043 | D:3      | XOM: divination: detect items
  1164 | D:3      | Reached XP level 4. HP: 30/30 MP: 8/8
  1226 | D:3      | XOM: silly message
  1473 | D:3      | Found Uwkoy's Armour Boutique.
  1492 | D:3      | Bought a +0 buckler for 54 gold pieces
  1669 | D:3      | XOM: divination: detect items
  1800 | D:4      | Noticed a scorpion
  1815 | D:4      | Slain by an ufetubus

Illustrated notes

Levels and vault maps discovered:
D:1:      minmay_arrival_split_and_join, layout_rooms,
          hellmonk_ecumenical_altar_pennies_from_heaven
D:2:      layout_rooms
D:3:      layout_basic, serial_shops, shop, minivault_4
D:4:      layout_basic, trog_hazing_becter, overflow_temple_1_default,
          gup_sewer_entry_glass, serial_shops, shop, kennysheep_orc_chapel,
          uniq_edmund

Skill      XL: |  1  2  3 |
---------------+----------+-----
Spellcasting   | 3 |  3.5
Poison Magic   | 5 |  5.4
Dodging        | |  1.7
Stealth        | |  2.4
Shields        | |  0.6
Transmutations | |  1.1

Action                   |  1- 3 |  4- 6 || total
-------------------------+-------+-------++-------
Melee: Unarmed           |     5 |       ||     5
       Hand axe          |    60 |       ||    60
       Punch             |     1 |       ||     1
       Dagger            |    10 |    29 ||    39
 Cast: Sting             |     6 |    11 ||    17
 Abil: Dig               |       |     2 ||     2
  Use: Potion            |     1 |     1 ||     2
       Scroll            |       |     2 ||     2
 Stab: Sleeping          |     2 |     2 ||     4
Armor: Robe              |    27 |     8 ||    35
Dodge: Dodged            |    60 |    27 ||    87
Block: Buckler           |       |     3 ||     3
